 Dungeon Crawl Stone Soup version 0.23-a0-607-g760965b753 (webtiles) character file.

476 Maize the Chopper (level 6, -7/57 HPs)
             Began as a Minotaur Fighter on Dec 20, 2018.
             Mangled by an ogre
             ... wielding a +0 giant spiked club
              (12 damage)
             ... on level 4 of the Dungeon.
             The game lasted 00:05:07 (2597 turns).

Maize the Chopper (Minotaur Fighter)                Turns: 2597, Time: 00:05:08

Health: -7/57      AC:  9    Str: 21 (23) XL:     6   Next: 84%
Magic:  5/5        EV:  7    Int:  4 (5)  God:
Gold:   73         SH:  0    Dex:  6 (9)  Spells: 5/5 levels left

rFire    . . .     SeeInvis .   a - +0 war axe
rCold    . . .     Gourm    .   (no shield)
rNeg     . . .     Faith    .   e - +0 chain mail
rPois    .         Spirit   .   (helmet restricted)
rElec    .         Reflect  .   (no cloak)
rCorr    .         Harm     .   (no gloves)
MR       .....                  (no boots)
Stlth    ..........             c - amulet of regeneration
HPRegen  0.59/turn              (no ring)
MPRegen  0.09/turn              (no ring)

@: no status effects
A: retaliatory headbutt, horns 2
a: no special abilities


You were on level 4 of the Dungeon.
You were not hungry.

You visited 1 branch of the dungeon, and saw 4 of its levels.

You collected 73 gold pieces.

Inventory:

Hand Weapons
 a - a +0 war axe (weapon)
Armour
 b - a +0 scale mail
 e - a +0 chain mail (worn)
Jewellery
 c - an amulet of regeneration (around neck)
Scrolls
 g - 2 scrolls of magic mapping {unknown}
 j - 8 scrolls of identify {unknown}
 l - 2 scrolls of amnesia {unknown}
 m - 2 scrolls of remove curse {unknown}
 p - 2 scrolls of teleportation {unknown}
 s - a scroll of fear {unknown}
Potions
 d - 3 potions of might
 n - a potion of mutation {unknown}
 o - a potion of brilliance {unknown}
 r - a potion of degeneration
Comestibles
 f - 12 rations
 h - 14 chunks of flesh


   Skills:
 + Level 6.1 Fighting
 * Level 7.3 Axes
 - Level 3.8 Armour
   Level 3.6 Shields


You had 5 spell levels left.
You didn't know any spells.
Your spell library was empty.

Dungeon Overview and Level Annotations

Branches:
Dungeon (4/15)
 Temple: D:4-7

Altars:


Innate Abilities, Weirdness & Mutations

You reflexively headbutt those who attack you in melee.
You have a pair of horns on your head.


Message History

The scorpion is severely wounded.
The scorpion closely misses you. You furiously retaliate!
You headbutt the scorpion.
You kill the scorpion!
You feel your intelligence returning.
Your Fighting skill increases to level 6!
An ogre comes into view. It is wielding a +0 giant spiked club.
An ogre is nearby!
The ogre hits you with a +0 giant spiked club!!
* * * LOW HITPOINT WARNING * * *
You are too injured to fight recklessly!
You are too injured to fight recklessly!
You are too injured to fight recklessly!
You barely miss the ogre.
The ogre hits you with a +0 giant spiked club!!
* * * LOW HITPOINT WARNING * * *
You barely miss the ogre. The ogre hits you but does no damage.
You hit the ogre but do no damage. Your headbutt misses the ogre.
The ogre hits you with a +0 giant spiked club!
You die...

### ####..#
####.#...# ###
#.#..O...#.. #...
##...@........
#...##......#......
#....#..###........
...................
....................
....................
##^....†............
#......###..#......
..........#.##......


You could see an ogre.

Vanquished Creatures
  A scorpion (D:4)
  2 hounds (D:4)
  An orc priest (D:3)
  2 orc wizards
  A gnoll shaman (D:4)
  A hound zombie (D:2)
  5 adders
  10 gnolls
  5 worms
  2 dart slugs (D:2)
  7 orcs
  4 bats
  5 giant cockroaches
  A goblin (D:2)
  7 hobgoblins
  A quokka (D:2)
  3 ball pythons
  7 frilled lizards
  5 kobolds
  23 rats
93 creatures vanquished.

Notes
Turn   | Place    | Note
-------+----------+-------------------------------------------
     0 | D:1      | Maize the Minotaur Fighter began the quest for the Orb.
     0 | D:1      | Reached XP level 1. HP: 19/19 MP: 0/0
   375 | D:1      | Reached skill level 3 in Axes
   375 | D:1      | Reached XP level 2. HP: 21/27 MP: 1/1
   810 | D:2      | Reached XP level 3. HP: 33/33 MP: 2/2
   937 | D:2      | Reached skill level 4 in Axes
   962 | D:2      | Reached XP level 4. HP: 33/41 MP: 3/3
  1022 | D:2      | Reached skill level 5 in Axes
  1484 | D:2      | Reached XP level 5. HP: 47/47 MP: 4/4
  1507 | D:2      | Reached skill level 5 in Fighting
  1781 | D:3      | Reached skill level 6 in Axes
  1787 | D:3      | Reached XP level 6. HP: 36/56 MP: 5/5
  2389 | D:4      | HP: 2/57 [poisoned by a gnoll]
  2403 | D:4      | Reached skill level 7 in Axes
  2597 | D:4      | Mangled by an ogre

Vault maps used:
D:1:      psy_arrival_conway
D:2:      minmay_rat_hole
D:3:      first_ration
D:4:      old_standard_altar

Skill      XL: |  1  2  3  4  5  6 |
---------------+-------------------+-----
Axes           | 3 4 5 6 7 |  7.3
Fighting       | 4 5 6 |  6.1
Armour         | |  3.8
Shields        | |  3.6

Action                   |  1- 3 |  4- 6 || total
-------------------------+-------+-------++-------
Melee: War axe           |    64 |   158 ||   222
       Headbutt          |     3 |    27 ||    30
  Use: Potion            |       |     4 ||     4
  Eat: Chunk             |       |     6 ||     6
Armor: Chain mail        |    54 |    88 ||   142
Dodge: Dodged            |    28 |    75 ||   103

Table legend:
 A = Non-vault XP
 B = Vault XP
 C = Vault XP percentage of total XP
 D = Non-vault monster count
 E = Vault monster count
 F = Vault count percentage of total count
                 A         B        C        D         E       F
            +---------+---------+-------+---------+---------+-------
      Total |     660 |      20 |   2.9 |      74 |      19 |  20.4
            +---------+---------+-------+---------+---------+-------
        D:1 |      22 |       0 |   0.0 |      15 |       0 |   0.0
        D:2 |     188 |      20 |   9.6 |      26 |      19 |  42.2
        D:3 |     193 |       0 |   0.0 |      21 |       0 |   0.0
        D:4 |     257 |       0 |   0.0 |      12 |       0 |   0.0
            +---------+---------+-------+---------+---------+-------
